AoeStats
← bullseyes

Nomad

505849142Analyzed
4v4 RM · 22d ago on Sep 11, 2026· 24m 24s· 8 players
Game mode
Random Map
Map size
231×231
Population
200
Speed
Normal
Resources
Standard
Victory
Conquest
Starting age
Dark Age
Ending age
Imperial Age
RankedLock teamsTeams togetherTeam positionsShared explorationLock speedFull tech treeHidden civsTurbo modeCheats
Victory
Defeat
🇨🇳 Celts · China
1681
+11
🇨🇳 Lithuanians · China
1618
+13
🇬🇧 Khmer · United Kingdom
1606
+14
🇷🇺 Vikings · Russia
1587
+15
🇦🇺 Spanish · Australia
1601
-15
🇧🇪 Mapuche · Belgium
1596
-15
🇫🇷 Mongols · France
1583
-14
🇵🇹 Gurjaras · Portugal
1452
-9
Bz_青红
12:13 Feudal Age
12:14 Loom
12:44 Town Watch
20:07 Castle Age
19:40 Double-Bit Axe
JustAGecko
11:41 Feudal Age
12:16 Double-Bit Axe
17:14 Fletching
23:15 Castle Age
23:44 Loom
Riveryyy
11:37 Loom
13:44 Feudal Age
17:24 Castle Age
15:41 Double-Bit Axe
17:15 Fletching
17:18 Gold Mining
17:49 Horse Collar
18:04 Bodkin Arrow
19:08 Town Watch
19:12 Crossbowman
21:25 Town Watch
23:33 Ballistics
十大地方
5:03 Loom
14:16 Feudal Age
14:51 Double-Bit Axe
18:09 Castle Age
18:27 Gold Mining
19:07 Medium Warships
19:11 Bow Saw
21:26 Horse Collar
Combi | Papin
3:57 Loom
12:58 Feudal Age
23:16 Castle Age
23:15 Scale Barding Armor
iFxrY
7:17 Loom
13:36 Feudal Age
14:03 Double-Bit Axe
14:02 Fishing Lines
16:54 Forging
18:14 Gold Mining
Mau5
11:23 Loom
13:27 Feudal Age
17:45 Castle Age
16:04 Double-Bit Axe
16:12 Horse Collar
18:41 Bow Saw
19:08 Fishing Lines
23:02 Padded Archer Armor
bullseyes
11:47 Loom
13:48 Feudal Age
18:51 Castle Age
19:56 Wheelbarrow
19:07 Town Watch
Connection lost

Rejoining the realm…

Still unreachable

The connection could not be restored.

Session expired

The server has moved on; the page needs a fresh start.